[Event "Team 45 45 League T45"]
[Site "Internet Chess Club"]
[Date "2010.05.08"]
[Round "1"]
[White "kingsrook"]
[Black "Conjurer"]
[Result "1/2-1/2"]
[WhiteElo "1344"]
[BlackElo "1249"]
[Opening "Queen's pawn: Yusupov-Rubinstein system"]
[ECO "A46"]
[Time "17:05:38"]
[TimeControl "2700+45"]

1. d4 Nf6 2. Nf3 e6 3. e3 c5 4. b3 cxd4 5. exd4 Nc6 6. Bb2 Bb4+ 7. Nbd2 Qa5 8.
a3 Be7 9. Bd3 O-O 10. O-O d5 11. Re1 Bd7 12. Ne5 Rac8 13. Ndf3 Qc7 14. Nxd7 Qxd7
15. Ne5 Qd6 16. Rc1 Rfd8 17. c4 dxc4 18. bxc4 Nxd4 19. Qa4 Qc5 20. Rb1 Rc7 21.
Bc3 b5 22. Qb4 bxc4 23. Qxc5 Rxc5 24. Bxc4 Nc2 25. Red1 Nxa3 26. Rxd8+ Bxd8 27.
Bd4 Rc8 28. Rc1 Nxc4 29. Rxc4 Rxc4 30. Nxc4 Bb6 31. Nxb6 axb6 32. Bxb6 Kf8 33.
Kf1 Ke7 34. Ke2 Kd6 35. h3 Nd5 36. Ba7 h5 37. g3 f5 38. Kd3 Nf6 39. Bb8+ Kd5 40.
f3 g6 41. h4 e5 42. Ke3 e4 43. fxe4+ fxe4 44. Ba7 Ng4+ 45. Kf4 Nh2 46. Kg5 Nf1
47. Kxg6 Nxg3 48. Bf2 Nh1 49. Be1 e3 50. Kxh5 Ke6 51. Kg6 Ke7 52. Kg7 Nf2 53. h5
Ng4 54. Bh4+ Ke6 55. Kg6 e2 56. Kg5 Nf6 57. h6 Kf7 58. Kf5 Nd5 59. Kg5 Ne7 60.
Be1 Ng6 61. Bd2 Nh8 62. Bc3 Kg8 63. Bb4 Kh7 64. Bd2 Nf7+ 65. Kh5 Nxh6 66. Kh4
Nf5+ 67. Kg4 Nd4 68. Kf4 Kg6 69. Ke3 e1=Q+ 70. Bxe1 {Game drawn because neither
player has mating material} 1/2-1/2

[Event "Team 45 45 League T45"]
[Site "Internet Chess Club"]
[Date "2010.05.08"]
[Round "1"]
[White "rookmaster23"]
[Black "Tamarin"]
[Result "1/2-1/2"]
[WhiteElo "1422"]
[BlackElo "1592"]
[Opening "QGD semi-Slav"]
[ECO "D43"]
[Time "21:30:17"]
[TimeControl "2700+45"]

1. d4 d5 2. c4 c6 3. Nc3 Nf6 4. Nf3 e6 5. Bf4 Bb4 6. e3 Nbd7 7. Bd3 O-O 8. O-O
b6 9. cxd5 cxd5 10. Qc2 h6 11. e4 Bxc3 12. Qxc3 dxe4 13. Qc6 Bb7 14. Qxb7 exd3
15. Qa6 Nd5 16. Bd2 N7f6 17. Qxd3 Qd6 18. Rfc1 Nf4 19. Qb5 a6 20. Bxf4 Qxf4 21.
Qxb6 Nd5 22. Qa5 Rfc8 23. Qd2 Qxd2 24. Nxd2 Rxc1+ 25. Rxc1 Nb4 26. a3 Nd3 27.
Rc2 Rd8 28. Nf3 e5 29. Rd2 e4 30. h3 Nxb2 31. Ne5 Na4 32. d5 Nb6 33. d6 f6 34.
Nc6 Rd7 35. Nb8 Rb7 36. d7 Nxd7 37. Nxd7 Kf7 38. Nc5 Rb1+ 39. Kh2 Ra1 40. Nxa6
Rxa3 41. Nc5 e3 42. Re2 exf2 43. Rxf2 Ra5 44. Nb7 Rd5 45. Rc2 Rd7 46. Rb2 Rd5
47. Rc2 Rd7 48. Nc5 Rc7 49. Rc3 g5 50. Ne4 Rxc3 51. Nxc3 f5 52. Kg3 Ke6 53. Kf3
Ke5 54. Ke3 h5 55. Ne2 Kd5 56. Kf3 Ke5 {Game drawn by mutual agreement} 1/2-1/2

[Event "Team 45 45 League T45"]
[Site "Internet Chess Club"]
[Date "2010.05.09"]
[Round "1"]
[White "megarook"]
[Black "LeanSixSigma"]
[Result "0-1"]
[WhiteElo "1461"]
[BlackElo "1409"]
[Opening "QGD semi-Slav: Chigorin defense"]
[ECO "D46"]
[Time "07:00:07"]
[TimeControl "2700+45"]

1. d4 d5 2. c4 c6 3. e3 Nf6 4. Nc3 e6 5. Nf3 Nbd7 6. Bd3 Bd6 7. c5 Bc7 8. Bd2 e5
9. Nh4 e4 10. Bc2 b6 11. b4 bxc5 12. bxc5 Nb8 13. f3 Nh5 14. Nf5 Bxf5 15. g4
Qh4+ 16. Ke2 exf3+ 17. Kxf3 Bxg4+ 18. Kg2 Bxd1 19. Bxd1 Qg5+ 20. Kh3 Ng3 21. Re1
Qh6+ 22. Kg2 Ne4 23. Nxe4 dxe4 24. h3 Qg5+ 25. Kf1 O-O 26. Re2 Qh4 27. Rg2 Nd7
28. Bg4 Nf6 29. Be1 Qg5 30. Bf2 Nxg4 31. Rxg4 Qf5 32. a4 Qf3 33. Rg2 Qxh3 34.
Ra2 Rab8 35. Be1 Rb1 36. Re2 Qf3+ 37. Ref2 Rxe1+ 38. Kxe1 Ba5+ {White resigns}
0-1

[Event "Team 45 45 League T45"]
[Site "Internet Chess Club"]
[Date "2010.05.07"]
[Round "1"]
[White "krysto"]
[Black "MateIn42"]
[Result "0-1"]
[WhiteElo "1373"]
[BlackElo "1400"]
[Opening "Queen's Indian accelerated"]
[ECO "A50"]
[Time "21:01:23"]
[TimeControl "2700+45"]

1. d4 Nf6 2. c4 b6 3. Nf3 Bb7 4. e3 e6 5. a3 c5 6. Be2 Be7 7. O-O O-O 8. Nc3 d5
9. Re1 dxc4 10. Ne5 cxd4 11. exd4 Nc6 12. Nxc6 Bxc6 13. Bxc4 a6 14. a4 Qc7 15.
f3 Bxf3 16. Qxf3 Qxc4 17. Be3 Qc7 18. Rac1 Qd7 19. Re2 Rac8 20. Qg3 Bd6 21. Qh4
Be7 22. Bg5 Nd5 23. Qg3 Bxg5 24. Qxg5 Nxc3 25. Rxc3 Qxd4+ 26. Qe3 Qxe3+ 27.
Rexe3 Rxc3 28. bxc3 Rc8 29. Kf2 Rc5 30. Rd3 Rd5 31. Rxd5 exd5 32. Ke3 f5 33. Kd4
b5 34. a5 Kf7 35. Kxd5 Kf6 36. Kc5 Ke5 37. c4 bxc4 38. Kxc4 Kd6 39. Kd4 g5 40.
h4 h6 41. hxg5 hxg5 42. g3 Kc6 43. Kc4 f4 44. gxf4 gxf4 45. Kd3 Kb5 46. Ke4 Kxa5
47. Kxf4 Kb4 48. Ke3 Kb3 49. Kd2 Kb2 50. Kd3 a5 51. Kc4 a4 52. Kb4 a3 {White
resigns} 0-1

[Event "Team 45 45 League T45"]
[Site "Internet Chess Club"]
[Date "2010.05.09"]
[Round "1"]
[White "dabodhi"]
[Black "supraholic"]
[Result "1-0"]
[WhiteElo "1238"]
[BlackElo "1278"]
[Opening "Giuoco Piano"]
[ECO "C53"]
[Time "14:01:12"]
[TimeControl "2700+45"]

1. e4 e5 2. Nf3 Nc6 3. Bc4 Bc5 4. c3 a6 5. d4 exd4 6. cxd4 Ba7 7. Be3 b5 8. Bd5
Nf6 9. Bg5 h6 10. Qc2 Nb4 11. Qc3 Nbxd5 12. exd5 hxg5 13. O-O Nxd5 14. Re1+ Kf8
15. Qa3+ d6 16. Nbd2 Kg8 17. Ne4 g4 18. Qb3 Bb7 19. Nfg5 Bxd4 20. Qg3 Nb4 21.
Qxg4 Nc2 22. Nxf7 Kxf7 23. Ng5+ Kg8 24. Qe6+ Kf8 25. Qf7# {Black checkmated} 1-0

[Event "Team 45 45 League T45"]
[Site "Internet Chess Club"]
[Date "2010.05.09"]
[Round "1"]
[White "pawnward"]
[Black "Ivio"]
[Result "0-1"]
[WhiteElo "1658"]
[BlackElo "1826"]
[Opening "French: Chigorin variation"]
[ECO "C00"]
[Time "16:00:11"]
[TimeControl "2700+45"]

1. e4 e6 2. Qe2 d5 3. exd5 Qxd5 4. Nc3 Qd8 5. Nf3 Nf6 6. d4 b6 7. Bg5 Bb7 8.
O-O-O h6 9. Bh4 g5 10. Bg3 Bd6 11. Ne5 a6 12. d5 Qe7 13. dxe6 Qxe6 14. Qd2 O-O
15. Bc4 Qf5 16. Rhe1 Bxg2 17. f4 Bb7 18. fxg5 Ne4 19. Nxe4 Bxe4 20. Bd3 Bxd3 21.
cxd3 Bxe5 22. Rxe5 Qg6 23. gxh6 Kh7 24. Rg5 Qxh6 25. Bf4 Nd7 26. Rdg1 Rg8 27.
Qg2 Nf6 28. Qf2 Nd5 29. Rg7+ Rxg7 30. Bxh6 Rxg1+ 31. Qxg1 Kxh6 32. Qf1 Rd8 33.
Qxf7 Rd6 34. Qf5 Rc6+ 35. Kd2 Rc5 36. d4 Rb5 37. b3 Kg7 38. h4 Nf6 39. Qc8 Nd5
40. Qxa6 Ra5 41. Qc4 Rxa2+ 42. Kc1 Ne3 43. Qxc7+ Kf6 44. Qxb6+ Kf5 45. Qc5+ Ke4
46. h5 Ra1+ 47. Kb2 Rd1 48. h6 Rd2+ 49. Ka3 Nc2+ 50. Ka4 Nxd4 51. h7 Ra2+ 52.
Kb4 Ra8 53. Qe7+ Kd3 54. Qg7 Rb8+ 55. Kc5 Ne6+ 56. Kd6 Nxg7 57. Ke7 Rh8 58. b4
Rxh7 59. b5 Rh6 60. Kd7 Rb6 {White resigns} 0-1

[Event "Team 45 45 League T45"]
[Site "Internet Chess Club"]
[Date "2010.05.09"]
[Round "1"]
[White "Salvatore"]
[Black "daniguti"]
[Result "0-1"]
[WhiteElo "1614"]
[BlackElo "1566"]
[Opening "Richter-Veresov attack"]
[ECO "D01"]
[Time "14:00:13"]
[TimeControl "2700+45"]

1. d4 Nf6 2. Nc3 d5 3. Bg5 Bf5 4. e3 e6 5. Bd3 h6 6. Bh4 Bxd3 7. cxd3 Nbd7 8.
Nf3 c5 9. O-O cxd4 10. Nxd4 Bc5 11. Nf3 O-O 12. d4 Be7 13. Nd2 a6 14. f3 Rc8 15.
e4 Nxe4 16. Bxe7 Nxc3 17. Bxd8 Nxd1 18. Be7 Rfe8 19. Ba3 Ne3 20. Rfc1 Nc2 21.
Rab1 Nxd4 22. Rxc8 Rxc8 23. Nf1 Rc2 24. h3 Ne2+ 25. Kh2 Rc1 26. Rxc1 Nxc1 27. b3
Nxa2 28. Ne3 Nc3 29. Nc2 e5 30. Kg1 d4 31. Kf1 f5 32. Ke1 Kf7 33. Bb2 Nb5 34. b4
Ke6 35. Kd2 Kd5 36. h4 Nf6 37. Ne1 g5 38. hxg5 hxg5 39. Nd3 e4 40. fxe4+ fxe4
41. Nc5 Nd6 42. Nb3 Nc4+ 43. Kc2 d3+ 44. Kc3 Nxb2 45. Kxb2 Kc4 46. Na5+ Kxb4 47.
Nxb7 e3 48. Kc1 Ne4 49. Nd6 Nxd6 {White resigns} 0-1

[Event "Team 45 45 League T45"]
[Site "Internet Chess Club"]
[Date "2010.05.07"]
[Round "1"]
[White "Oscar"]
[Black "Monsieur"]
[Result "0-1"]
[WhiteElo "1414"]
[BlackElo "1546"]
[Opening "KGA: Fischer defense"]
[ECO "C34"]
[Time "22:00:31"]
[TimeControl "2700+45"]

1. e4 e5 2. f4 exf4 3. Nf3 d6 4. Bc4 Bg4 5. O-O g5 6. d3 Bh6 7. Qe1 Bxf3 8. Rxf3
Nd7 9. Rf1 Qe7 10. Nc3 c6 11. Ne2 O-O-O 12. Bd2 Ne5 13. Bc3 Nf6 14. Nd4 Qd7 15.
Nf5 Bf8 16. a4 Be7 17. Qf2 Kb8 18. a5 Nxc4 19. Bxf6 Bxf6 20. dxc4 c5 21. Kh1 Qc6
22. Rfe1 Rhe8 23. Qe2 Re5 24. Rad1 Rde8 25. Rxd6 Qxe4 26. Qxe4 Rxe4 27. Rxe4
Rxe4 28. Kg1 Bxb2 29. Rd7 Rxc4 30. Nd6 Rb4 31. Ne8 Kc8 32. Rxf7 Bd4+ 33. Kf1 Rb2
34. Nd6+ Kb8 35. Rxh7 Rb1+ 36. Ke2 Be3 37. Kf3 a6 38. Rg7 b5 39. axb6 Rxb6 40.
Nc4 Rb4 41. Nxe3 fxe3 42. Kxe3 Rg4 43. Kf3 Rf4+ 44. Ke3 Rg4 45. Kf3 Rc4 46. Rxg5
a5 47. Rd5 a4 48. Rd3 Rxc2 49. Ra3 Rc4 50. g4 Kc8 51. Re3 Rb4 52. g5 Rh4 53. g6
Rh3+ {White forfeits on time} 0-1

[Event "Team 45 45 League T45"]
[Site "Internet Chess Club"]
[Date "2010.05.06"]
[Round "1"]
[White "Berke"]
[Black "Chessnut4"]
[Result "0-1"]
[WhiteElo "1587"]
[BlackElo "1593"]
[Opening "Scotch: Göring gambit"]
[ECO "C44"]
[Time "13:00:12"]
[TimeControl "2700+45"]

1. e4 e5 2. Nf3 Nc6 3. d4 exd4 4. c3 dxc3 5. Nxc3 Be7 6. Bc4 Bf6 7. Nd5 h6 8.
O-O Ne5 9. Nxe5 Bxe5 10. f4 Bd6 11. Ne3 Bc5 12. Kh1 d6 13. e5 a6 14. Qb3 Qd7 15.
Nd5 b5 16. Bd3 Bb7 17. exd6 Bxd6 18. Re1+ Ne7 19. Be4 O-O-O 20. Nxe7+ Bxe7 21.
Bxb7+ Kxb7 22. Be3 Bd6 23. Rad1 Qf5 24. Qd5+ Qxd5 25. Rxd5 Rhe8 26. Bf2 Bxf4 27.
Rxe8 Rxe8 28. Rf5 Be3 29. Bxe3 Rxe3 30. Kg1 {White resigns} 0-1

[Event "Team 45 45 League T45"]
[Site "Internet Chess Club"]
[Date "2010.05.10"]
[Round "1"]
[White "Kallistos"]
[Black "parrot9"]
[Result "1-0"]
[WhiteElo "1686"]
[BlackElo "1662"]
[Opening "Sicilian: Smith-Morra gambit"]
[ECO "B21"]
[Time "16:08:33"]
[TimeControl "2700+45"]

1. e4 c5 2. d4 cxd4 3. c3 Nf6 4. e5 Nd5 5. cxd4 e6 6. Nf3 d6 7. Bb5+ Nd7 8. O-O
a6 9. Ba4 b5 10. Bb3 Bb7 11. Qd3 dxe5 12. Nxe5 Bd6 13. Re1 O-O 14. Bc2 Qh4 15.
Bg5 Qh5 16. g4 Nxe5 17. dxe5 Qxg4+ 18. Kf1 g6 19. Bh6 Nb4 20. Qg3 Qxg3 21. hxg3
Nxc2 22. exd6 Nxa1 23. Bxf8 Kxf8 24. Rc1 Be4 25. Nc3 Bd3+ 26. Ke1 Nc2+ 27. Kd2
Bf5 28. g4 Bxg4 29. Kxc2 b4 30. Ne4 Rc8+ 31. Kd2 Rxc1 32. Kxc1 f5 33. Ng5 h5 34.
f3 h4 35. fxg4 fxg4 36. Kd2 h3 37. Ne4 h2 38. Ng3 Ke8 39. Ke3 Kd7 40. Kf4 Kxd6
41. b3 Kd5 42. Kxg4 Kd4 43. Kh3 h1=Q+ 44. Nxh1 Kc3 45. Nf2 Kb2 46. Nd3+ Kxa2 47.
Nc5 Kb2 48. Kg4 Kc3 49. Kf4 a5 50. Ke5 g5 51. Ke4 g4 52. Kf4 g3 53. Kxg3 e5 54.
Kf2 Kd4 55. Na4 e4 56. Ke2 e3 57. Kd1 Kd3 58. Ke1 e2 59. Nc5+ Ke3 60. Nb7 a4 61.
bxa4 b3 62. Na5 Kd3 63. Nxb3 Kc4 64. a5 Kb5 65. Kxe2 Ka6 66. Kd3 Kb5 67. Kd4 Ka6
68. Kc5 {Black resigns} 1-0

[Event "Team 45 45 League T45"]
[Site "Internet Chess Club"]
[Date "2010.05.10"]
[Round "1"]
[White "Invicta-Knight"]
[Black "ScotchYeti"]
[Result "1/2-1/2"]
[WhiteElo "1507"]
[BlackElo "1549"]
[Opening "Scandinavian defense"]
[ECO "B01"]
[Time "14:12:36"]
[TimeControl "2700+45"]

1. e4 d5 2. exd5 Nf6 3. d4 Bg4 4. f3 Bf5 5. Bd3 Bxd3 6. Qxd3 Qxd5 7. Nc3 Qd7 8.
Bf4 e6 9. Nge2 Be7 10. Qb5 c6 11. Qd3 O-O 12. h4 Bd6 13. g4 Nd5 14. Bxd6 Qxd6
15. O-O-O Nd7 16. Ne4 Qe7 17. g5 f5 18. gxf6 N7xf6 19. c4 Nxe4 20. fxe4 Nf4 21.
Qf3 Nxe2+ 22. Qxe2 Rf4 23. h5 Raf8 24. Rdf1 Qg5 25. Kc2 Rxf1 26. Rxf1 Rxf1 27.
Qxf1 Qxh5 28. Qf4 Qe2+ 29. Kc3 Qe1+ 30. Kb3 Qd1+ 31. Kc3 Qe1+ 32. Kc2 Qe2+ 33.
Kc3 Qe1+ 34. Kb3 Qd1+ 35. Kc3 {Game drawn by mutual agreement} 1/2-1/2

[Event "Team 45 45 League T45"]
[Site "Internet Chess Club"]
[Date "2010.05.09"]
[Round "1"]
[White "Signalman"]
[Black "dscvdchk"]
[Result "1-0"]
[WhiteElo "1513"]
[BlackElo "1531"]
[Opening "Four knights: Scotch, 4...exd4"]
[ECO "C47"]
[Time "14:02:52"]
[TimeControl "2700+45"]

1. e4 e5 2. Nf3 Nf6 3. Nc3 Nc6 4. d4 exd4 5. Nxd4 Bb4 6. Nxc6 bxc6 7. Bd3 d5 8.
exd5 cxd5 9. O-O O-O 10. Bg5 c6 11. Ne2 h6 12. Bh4 Bd6 13. Nd4 g5 14. Bg3 c5 15.
Bxd6 Qxd6 16. Nf5 Bxf5 17. Bxf5 Rad8 18. Re1 Rfe8 19. Qd2 Rxe1+ 20. Rxe1 Re8 21.
Rxe8+ Nxe8 22. Qa5 Qb6 23. Qa3 Nd6 24. g4 Nc4 25. Qd3 Qc6 26. b3 Ne5 27. Qe3 Qd6
28. f4 gxf4 29. Qxf4 Nc4 30. Qxd6 Nxd6 31. Kg2 Kg7 32. Kf3 Kf6 33. Kf4 Nxf5 34.
gxf5 a5 35. a3 h5 36. h4 d4 37. a4 {Black resigns} 1-0

[Event "Team 45 45 League T45"]
[Site "Internet Chess Club"]
[Date "2010.05.08"]
[Round "1"]
[White "houseofcook"]
[Black "werty"]
[Result "1/2-1/2"]
[WhiteElo "1486"]
[BlackElo "1535"]
[Opening "French: advance, Euwe variation"]
[ECO "C02"]
[Time "09:00:12"]
[TimeControl "2700+45"]

1. e4 e6 2. d4 d5 3. e5 c5 4. c3 Nc6 5. Nf3 Bd7 6. Be2 Nge7 7. Na3 Ng6 8. Nc2 c4
9. h4 b5 10. h5 Nge7 11. h6 Qb6 12. hxg7 Bxg7 13. Bh6 Bxh6 14. Rxh6 Nf5 15. Rh2
O-O-O 16. Ng5 Rdf8 17. Bh5 Be8 18. Bg4 h6 19. Nf3 Nfe7 20. Qd2 f5 21. Bh5 Qd8
22. O-O-O Ng6 23. Rdh1 Rfg8 24. Bxg6 Bxg6 25. Rxh6 Rxh6 26. Rxh6 Bf7 27. g3 Rh8
{Game drawn by mutual agreement} 1/2-1/2

[Event "Team 45 45 League T45"]
[Site "Internet Chess Club"]
[Date "2010.05.08"]
[Round "1"]
[White "Karpyan"]
[Black "SlimeDog2"]
[Result "0-1"]
[WhiteElo "1833"]
[BlackElo "2152"]
[Opening "Grünfeld: Stockholm variation"]
[ECO "D80"]
[Time "14:08:29"]
[TimeControl "2700+45"]

1. d4 Nf6 2. c4 g6 3. Nc3 d5 4. Bg5 Ne4 5. Bf4 Nxc3 6. bxc3 Bg7 7. Nf3 O-O 8. e3
c5 9. cxd5 Qxd5 10. Be2 Nc6 11. O-O cxd4 12. cxd4 Bf5 13. Qb3 Qd7 14. Rfd1 Rac8
15. Qa4 Nxd4 16. Qxd7 Nxe2+ 17. Kf1 Bxd7 18. Kxe2 Bb5+ 19. Ke1 Bxa1 20. Rxa1 f6
21. Bh6 Rfd8 22. Nd4 Ba6 23. Rd1 e5 24. Nb3 Kf7 25. f4 Rxd1+ 26. Kxd1 exf4 27.
Bxf4 Bc4 28. h4 Bd5 29. g4 Bf3+ 30. Kd2 Bxg4 31. Nd4 Be6 32. a3 a6 33. Kd3 Rc5
34. Kd2 g5 35. hxg5 fxg5 36. Bd6 Rd5 37. Bc7 h5 38. Ke2 h4 39. Kf2 g4 40. Bb8
Ra5 41. Bd6 Bf5 42. Bb4 Rd5 43. Ne2 Be4 44. Nf4 g3+ 45. Ke2 Rg5 46. Nh3 Rf5 47.
Nf4 Rxf4 48. exf4 h3 {White resigns} 0-1

[Event "Team 45 45 League T45"]
[Site "Internet Chess Club"]
[Date "2010.05.07"]
[Round "1"]
[White "AncientTurnip"]
[Black "SneakyRed"]
[Result "0-1"]
[WhiteElo "1717"]
[BlackElo "1812"]
[Opening "QGD Slav: 4.e3"]
[ECO "D11"]
[Time "09:01:13"]
[TimeControl "2700+45"]

1. d4 d5 2. Nf3 Nf6 3. e3 c6 4. c4 a6 5. Bd3 dxc4 6. Bxc4 b5 7. Bd3 Nbd7 8. O-O
c5 9. b3 Bb7 10. Nbd2 e6 11. Bb2 cxd4 12. exd4 Be7 13. Re1 O-O 14. Rc1 Qa5 15.
Bb1 Rac8 16. Re3 Rxc1 17. Qxc1 Nd5 18. Re2 Rc8 19. Qe1 Bb4 20. Rxe6 Bxd2 21.
Re8+ Nf8 22. Rxf8+ Rxf8 23. Qxd2 Qxd2 24. Nxd2 Re8 25. Kf1 Nf4 26. f3 Re2 27.
Bc3 Rxg2 28. h3 Rh2 29. Ne4 Rh1+ {White resigns} 0-1

[Event "Team 45 45 League T45"]
[Site "Internet Chess Club"]
[Date "2010.05.08"]
[Round "1"]
[White "Duguesclin"]
[Black "MtzKid"]
[Result "0-1"]
[WhiteElo "1629"]
[BlackElo "1631"]
[Opening "French: Steinitz, Boleslavsky variation"]
[ECO "C11"]
[Time "12:30:28"]
[TimeControl "2700+45"]

1. d4 e6 2. e4 d5 3. Nc3 Nf6 4. e5 Nfd7 5. f4 c5 6. Be3 Nc6 7. Nf3 Be7 8. dxc5
Bxc5 9. Bxc5 Nxc5 10. Bb5 O-O 11. O-O Qb6 12. Kh1 a6 13. Bxc6 bxc6 14. b3 Bb7
15. Qe2 Qb4 16. Qe3 a5 17. a3 Qb6 18. Rab1 Nd7 19. Qxb6 Nxb6 20. Nd4 c5 21. Ndb5
d4 22. Nd6 Ba6 23. Ncb5 Nd5 24. Rf3 Bxb5 25. Nxb5 Ne3 26. c3 Rfd8 27. cxd4 cxd4
28. g3 Nf5 29. Rd3 Rab8 30. a4 h5 31. Kg2 Rbc8 32. Rbd1 Ne3+ 33. Kf3 Nxd1 34.
Rxd1 d3 35. Nd6 Rc3 36. Ke4 Rxb3 37. Rxd3 Rb2 38. h3 Ra2 39. Rd4 Ra3 40. f5
exf5+ 41. Kxf5 Rf3+ 42. Kg5 Rxg3+ 43. Kxh5 Rxh3+ 44. Kg4 Rb3 45. Kf5 Rb4 46. Rf4
f6 47. Rxb4 axb4 48. a5 b3 49. Nc4 fxe5 50. Kxe5 Rb8 51. Nb2 Rb5+ 52. Kd4 Rxa5
53. Kc4 g5 54. Kxb3 Rb5+ 55. Kc3 Rxb2 {White resigns} 0-1

[Event "Team 45 45 League T45"]
[Site "Internet Chess Club"]
[Date "2010.05.09"]
[Round "1"]
[White "BotanicalKnight"]
[Black "Lionskins"]
[Result "0-1"]
[WhiteElo "1562"]
[BlackElo "1664"]
[Opening "Sicilian: closed"]
[ECO "B24"]
[Time "17:32:28"]
[TimeControl "2700+45"]

1. e4 c5 2. Nc3 Nc6 3. g3 a6 4. Bg2 e6 5. d3 h6 6. f4 Qb6 7. Nf3 d6 8. O-O Nf6
9. h3 Be7 10. Kh2 Bd7 11. a3 O-O-O 12. Na4 Qa7 13. Be3 Nd4 14. c3 Nxf3+ 15. Bxf3
g5 16. fxg5 hxg5 17. b4 Rh7 18. e5 Nd5 19. Bf2 Rdh8 20. Bg2 b5 21. bxc5 dxc5 22.
Nb2 Bc6 23. Qf3 f5 24. exf6 Bxf6 25. c4 Bxb2 26. Ra2 Ne7 27. Qg4 Bxg2 28. Qxe6+
Qd7 29. Qxa6+ Bb7 30. Qxb7+ {White resigns} 0-1

[Event "Team 45 45 League T45"]
[Site "Internet Chess Club"]
[Date "2010.05.08"]
[Round "1"]
[White "koni"]
[Black "charles-allen"]
[Result "1-0"]
[WhiteElo "1961"]
[BlackElo "1882"]
[Opening "QGD semi-Slav"]
[ECO "D43"]
[Time "14:00:27"]
[TimeControl "2700+45"]

1. Nf3 d5 2. d4 Nf6 3. c4 c6 4. Nc3 e6 5. Bg5 Nbd7 6. cxd5 exd5 7. e3 Bd6 8. Bd3
Nf8 9. Qc2 Ne6 10. Bxf6 Qxf6 11. O-O Ng5 12. Nxg5 Qxg5 13. Rfb1 Bh3 14. Bf1 O-O
15. b4 Bf5 16. Bd3 Bxd3 17. Qxd3 Qe7 18. b5 Rfb8 19. g3 Bb4 20. Rb3 Bxc3 21.
Qxc3 cxb5 22. Rxb5 Rc8 23. Qb3 Rc7 24. Qxd5 Rd8 25. Qf3 Rd6 26. Rab1 Rf6 27. Qg2
b6 28. Qa8+ Qf8 29. Qxf8+ Kxf8 30. a4 Rc2 31. f4 Rfc6 32. R1b2 Rxb2 33. Rxb2 Ke7
34. Kf2 Kd6 35. Kf3 Rc4 36. Ra2 g6 37. Ke4 f5+ 38. Kd3 Kd5 39. a5 b5 40. a6 Ra4
41. Rxa4 bxa4 42. Kc3 Kc6 43. Kb4 Kb6 44. Kxa4 Kxa6 45. Kb4 Kb6 46. Kc4 Kc6 47.
Kb4 Kb6 48. Kc4 Kc6 49. h3 h5 50. Kb4 Kb6 51. Ka4 Ka6 52. Kb4 Kb6 53. Kc4 Kc6
54. Kc3 Kb5 55. Kd3 Kb6 56. e4 fxe4+ 57. Kxe4 a5 58. g4 a4 59. Kd3 a3 60. Kc3 a2
61. Kb2 hxg4 62. hxg4 Kc6 63. f5 a1=Q+ 64. Kxa1 gxf5 65. gxf5 Kd6 66. Kb2 Ke7
67. d5 Kf7 68. d6 Ke8 69. f6 {Black resigns} 1-0

[Event "Team 45 45 League T45"]
[Site "Internet Chess Club"]
[Date "2010.05.09"]
[Round "1"]
[White "Atlantis"]
[Black "chipionero"]
[Result "1/2-1/2"]
[WhiteElo "1876"]
[BlackElo "1737"]
[Opening "King's Indian: fianchetto, classical variation"]
[ECO "E67"]
[Time "13:34:00"]
[TimeControl "2700+45"]

1. d4 Nf6 2. c4 d6 3. Nc3 g6 4. g3 Bg7 5. Bg2 O-O 6. Nf3 Nbd7 7. O-O e5 8. dxe5
Nxe5 9. Nxe5 dxe5 10. Qc2 c6 11. Rd1 Qc7 12. b3 Be6 13. Bb2 Rad8 14. Rxd8 Rxd8
15. Rd1 Rxd1+ 16. Qxd1 Qd7 17. Qxd7 Nxd7 18. Ne4 Nb8 19. Nd6 b6 20. Ne8 Bh8 21.
Ba3 f5 22. Bd6 Bd7 23. Bxb8 Bxe8 24. Bxa7 b5 25. cxb5 cxb5 26. Bd5+ Kg7 27. Bb8
Kf6 28. Bd6 Bd7 29. Kf1 g5 30. e3 e4 31. Ke2 Kg6 32. h3 h5 33. f3 exf3+ 34. Kxf3
Bc3 35. e4 fxe4+ 36. Bxe4+ Kf6 37. h4 Bg4+ 38. Ke3 gxh4 39. gxh4 Be1 40. Bc7 Ke7
41. Bc6 Bd7 42. Bf3 {Game drawn by mutual agreement} 1/2-1/2

[Event "Team 45 45 League T45"]
[Site "Internet Chess Club"]
[Date "2010.05.06"]
[Round "1"]
[White "IceBox"]
[Black "MidasMulligan"]
[Result "0-1"]
[WhiteElo "1687"]
[BlackElo "1715"]
[Opening "QGD semi-Slav"]
[ECO "D43"]
[Time "17:00:16"]
[TimeControl "2700+45"]

1. d4 e6 2. c4 d5 3. Nc3 c6 4. Nf3 Nf6 5. a3 dxc4 6. e4 b5 7. Bg5 h6 8. Bh4 Be7
9. Bg3 O-O 10. Be2 Nbd7 11. Qc2 Bb7 12. Rd1 Rc8 13. O-O Nh5 14. d5 Nxg3 15. hxg3
cxd5 16. exd5 exd5 17. Nxd5 Bc5 18. Qf5 Re8 19. Rfe1 Bc6 20. g4 Re6 21. g5 g6
22. Qf4 Qe8 23. Bf1 Bxd5 24. Rxd5 Rxe1 25. Nxe1 hxg5 26. Qd2 Nf6 27. Nf3 Nxd5
28. Qxd5 Kg7 29. Nxg5 Qe7 30. Nf3 Rd8 31. Qc6 Rb8 32. g3 Rb6 33. Qd5 Qd6 34. Qg5
Qf6 35. Qd5 Bf8 36. Ne5 Qe6 37. Qd4 Rd6 38. Qc3 Kg8 39. Nf3 a6 40. Ng5 Qf5 41.
Nf3 Bg7 42. Qb4 Rf6 43. Bg2 Re6 44. Qd2 Qd3 45. Qf4 Rf6 46. Qb8+ Bf8 47. Ne5
Qd1+ 48. Bf1 Qd4 {White resigns} 0-1

[Event "Team 45 45 League T45"]
[Site "Internet Chess Club"]
[Date "2010.05.06"]
[Round "1"]
[White "RamRock"]
[Black "ddlj81"]
[Result "1-0"]
[WhiteElo "1783"]
[BlackElo "1793"]
[Opening "Ruy Lopez: open, Richter variation"]
[ECO "C80"]
[Time "21:30:25"]
[TimeControl "2700+45"]

1. e4 e5 2. Nf3 Nc6 3. Bb5 a6 4. Ba4 Nf6 5. O-O Nxe4 6. d4 b5 7. d5 bxa4 8. dxc6
d6 9. Re1 Nc5 10. Be3 Ne6 11. c4 Be7 12. Nc3 O-O 13. Qxa4 f5 14. Rad1 f4 15. Bc1
Nc5 16. Qc2 Bf5 17. Qe2 g5 18. Nxe5 Bf6 19. Nf3 Bxc3 20. bxc3 Ne4 21. Qd3 Qf6
22. Qd5+ Kg7 23. Rxe4 Bxe4 24. Qxe4 Rae8 25. Qd4 Re2 26. Nxg5 Rfe8 27. Qxf6+
Kxf6 28. Nf3 Rxa2 29. Bxf4 Ree2 30. Nd2 Re6 31. Be3 Kg6 32. Kf1 a5 33. Ke2 a4
34. Kd3 Re5 35. Rb1 Ra5 36. Rb7 a3 37. Nb1 Rd2+ 38. Nxd2 a2 39. Nb3 a1=Q 40.
Nxa1 {Black resigns} 1-0

[Event "Team 45 45 League T45"]
[Site "Internet Chess Club"]
[Date "2010.05.07"]
[Round "1"]
[White "BartL"]
[Black "kidviper"]
[Result "1/2-1/2"]
[WhiteElo "1832"]
[BlackElo "1882"]
[Opening "QGD Slav: 4.Nc3"]
[ECO "D15"]
[Time "09:00:03"]
[TimeControl "2700+45"]

1. d4 d5 2. c4 c6 3. Nc3 Nf6 4. Nf3 Bf5 5. Bg5 Nbd7 6. e3 e6 7. Be2 dxc4 8. Bxc4
Be7 9. O-O O-O 10. Re1 Ne4 11. Nxe4 Bxe4 12. Bxe7 Qxe7 13. Nd2 Bg6 14. Qg4 Qb4
15. Qe2 Nb6 16. Bb3 Rad8 17. Rac1 Qe7 18. Qg4 Nd5 19. a3 Rfe8 20. Nf3 Nf6 21.
Qg5 Qc7 22. Ne5 Qb6 23. Bc4 Ne4 24. Qf4 Nd6 25. Nxg6 Nxc4 26. Rxc4 hxg6 27. Rb4
Qa6 28. Qc7 b5 29. Rc1 Rc8 30. Qd7 Red8 31. Qe7 Qb6 32. Qc5 Qxc5 33. Rxc5 a6 34.
Rb3 Rd5 35. Rbc3 Rxc5 36. Rxc5 Kf8 37. Kf1 Ke7 38. Ke2 Kd6 39. Kf3 Rh8 40. h3
Rh5 41. Rxh5 gxh5 42. Ke4 f6 43. h4 c5 44. dxc5+ Kxc5 45. b3 a5 46. Kd3 g6 47.
e4 e5 48. Kc3 g5 49. g3 g4 50. Kd3 Kd6 51. Ke3 Ke6 52. Kd3 Kd6 53. f3 gxf3 54.
Ke3 f2 55. Kxf2 Ke6 56. Ke3 f5 57. Kf3 Kf6 58. Ke3 Ke6 {Game drawn by mutual
agreement} 1/2-1/2

[Event "Team 45 45 League T45"]
[Site "Internet Chess Club"]
[Date "2010.05.12"]
[Round "1"]
[White "kidcobra"]
[Black "parrot9"]
[Result "0-1"]
[WhiteElo "1527"]
[BlackElo "1672"]
[Opening "Sicilian: Najdorf, Lipnitzky attack"]
[ECO "B86"]
[Time "16:03:03"]
[TimeControl "2700+45"]

1. e4 c5 2. Nf3 d6 3. d4 cxd4 4. Nxd4 Nf6 5. Nc3 a6 6. Bc4 e6 7. Bb3 Bd7 8. Be3
Nc6 9. Qe2 Qc7 10. O-O-O b5 11. f3 Na5 12. h3 Nxb3+ 13. axb3 Qa5 14. Kb1 Be7 15.
Bd2 Qb6 16. Be3 Qc7 17. f4 b4 18. Na2 a5 19. Nb5 Bxb5 20. Qxb5+ Nd7 21. f5 Rb8
22. Qa4 e5 23. Rc1 O-O 24. c3 Qb7 25. Rce1 Qxe4+ 26. Ka1 Qxf5 27. cxb4 axb4 28.
Rhf1 Qe6 29. Kb1 Ra8 30. Qxb4 Qg6+ 31. Ka1 Rxa2+ 32. Kxa2 Ra8+ 33. Qa3 Rxa3+ 34.
Kxa3 d5+ 35. Ka2 Qa6+ 36. Kb1 Qd3+ 37. Ka2 e4 38. Bf2 d4 39. Rd1 Qa6+ 40. Kb1 d3
41. Rfe1 Bc5 42. Bxc5 Nxc5 43. Rxe4 Nxe4 44. Re1 Qc6 45. Rc1 Nd2+ 46. Ka1 Qxc1+
47. Ka2 Qc2 48. Ka3 Qxb3# {White checkmated} 0-1